Map: Habitation Station LE (Void)

Players

Shii - Winner!

  • Race: Protoss Protoss
  • League: Diamond
  • Spawn Location: 11:00

Jimagnifizar

  • Race: Terran Terran
  • League: Platinum
  • Spawn Location: 1:00

VOD

Have the link to the VOD?

Description

Time

  • Played on: Dec. 23, 2016, 6 p.m.
  • Length: 5:41
Show
View Real Time Build Order
Export as new Build Order

Shii Protoss - Winner!

Build Orders:  

Get SALT Encoding   

  12  0:02  Probe (Chrono Boost)  
  13  0:12  Probe (Chrono Boost)  
  14  0:19  Pylon  
  14  0:23  Probe (Chrono Boost)  
  15  0:31  Assimilator  
  15  0:37  Probe (Chrono Boost)  
  16  0:43  Gateway  
  16  0:47  Probe (Chrono Boost)  
  17  0:58  Probe (Chrono Boost)  
  17  1:03  Assimilator  
  18  1:08  Probe (Chrono Boost)  
  19  1:19  Probe (Chrono Boost)  
  19  1:21  Pylon  
  20  1:30  Probe (Chrono Boost)  
  20  1:31  Cybernetics Core  
  20  1:32  Zealot  
  23  1:40  Probe (Chrono Boost)  
  24  1:56  Gateway  
  24  2:07  Pylon  
  24  2:08  Mothership Core (Chrono Boost)  
  26  2:10  Stalker  
  28  2:40  Adept  
  30  2:44  Stalker  
  32  3:02  Pylon  
  32  3:06  Pylon  
  32  3:07  Adept  
  34  3:27  Adept  
  36  3:34  Adept  
  36  3:36  Forge  
  36  3:39  Pylon  
  36  3:41  Pylon  
  38  3:55  Pylon  
  38  3:57  Pylon  
  38  4:03  Adept  
  38  4:04  Adept  
  42  4:10  Photon Cannon  
  40  4:32  Adept x2  
  44  4:57  Pylon  
  44  5:13  Gateway  
  44  5:16  Gateway  
Show
View Real Time Build Order
Export as new Build Order

Jimagnifizar Terran 

Build Orders: Reaper Expand 

Get SALT Encoding   

  12  0:01  SCV  
  13  0:13  SCV  
  14  0:20  Supply Depot  
  14  0:25  SCV  
  15  0:30  Refinery  
  15  0:41  SCV  
  16  0:46  Barracks  
  16  0:53  SCV  
  17  1:07  SCV  
  18  1:19  SCV  
  19  1:37  Reaper  
  20  1:40  Orbital Command  
  20  1:49  Supply Depot  
  20  2:05  Command Center  
  20  2:19  Barracks  
  20  2:20  SCV  
  21  2:32  SCV  
  22  2:37  Barracks Reactor  
  22  2:40  Supply Depot  
  21  3:14  Marine x2  
  21  3:15  Marine  
  21  3:17  Barracks  
  23  3:21  Factory  
  23  3:23  Orbital Command  
  23  3:35  Supply Depot  
  23  3:43  Marine x2  
  23  3:46  Marine  
  26  3:51  Orbital Command  
  22  4:16  Marine  
  23  4:18  Marine  
  23  4:20  Widow Mine, SCV  
  23  4:23  Starport  
  26  4:27  Supply Depot  
  26  4:28  Marine  
  27  4:34  Bunker  
  27  4:36  Marine  
  23  4:46  Marine  
  21  4:53  Widow Mine  
  21  4:54  Marine  
  23  5:04  Marine  
Tags
 
Add a new tag
Caveats
  • Supply blocks, unpowered buildings, or Contaminate may cause inaccurate times.
  • Supply counts are checked every 10 seconds.